 Dungeon Crawl Stone Soup version 0.20-a0-1026-gc3ddcbd (webtiles) character file.

913 Gorglomux the Conjurer (level 7, -10/50 HPs)
             Began as a White Draconian Air Elementalist on Apr 20, 2017.
             Was a Follower of Vehumet.
             Mangled by nht's ghost (13 damage)
             ... on level 5 of the Dungeon.
             The game lasted 00:13:52 (4068 turns).

Gorglomux the Conjurer (DrAE)                       Turns: 4068, Time: 00:13:53

Health: -10/50     AC:  9    Str:  8    XL:     7   Next: 82%
Magic:  1/13       EV: 12    Int: 19    God:    Vehumet [*.....]
Gold:   377        SH:  0    Dex: 12    Spells: 7/15 levels left

rFire    . . .     SeeInvis .   d - +0 dagger
rCold    + . .     Gourm    .   (no shield)
rNeg     . . .     Faith    .   (armour unavailable)
rPois    .         Spirit   .   (helmet restricted)
rElec    .         Reflect  .   e - +2 cloak
rCorr    .         Harm     .   (no gloves)
MR       .....                  (no boots)
Stlth    ++........             m - amulet of regeneration {+regen, !d}
Regen    0.6/turn               (no ring)
MPRegen  0.2/turn               (no ring)

@: short of breath
A: breathe frost, unfitting armour, hooves 1, blurry vision 1, clever 1, cold
resistance 1, weak 1, cold-blooded, AC +6
a: Breathe Frost, Renounce Religion


You were on level 5 of the Dungeon.
You worshipped Vehumet.
Vehumet was aware of your devotion.
You were very full.

You visited 2 branches of the dungeon, and saw 6 of its levels.

You collected 377 gold pieces.

Inventory:

Hand Weapons
 d - a +0 dagger (weapon)
   (You took it off a kobold on level 1 of the Dungeon)
Armour
 e - a +2 cloak (worn)
   (You found it on level 1 of the Dungeon)
Jewellery
 m - an amulet of regeneration (around neck) {+regen, !d}
   (You took it off a goblin on level 2 of the Dungeon)
Wands
 v - a wand of digging (6/24)
   (You found it on level 5 of the Dungeon)
Scrolls
 f - a scroll of magic mapping {unknown}
 g - a scroll of teleportation
 h - 2 scrolls of remove curse
 j - a scroll of immolation {unknown}
 l - a scroll of noise {unknown}
 n - 2 scrolls of enchant armour
 p - a scroll of blinking {unknown}
 r - a scroll of amnesia {unknown}
 s - a scroll of identify
Potions
 i - 3 potions of curing
 k - a potion of degeneration {unknown}
 o - a potion of brilliance
 q - a potion of heal wounds
 t - a potion of lignification {!q}
 u - 2 potions of flight
Books
 a - a book of Air
Comestibles
 b - a bread ration {@e1@e1}


   Skills:
 - Level 1.7 Dodging
 - Level 1.7 Stealth
 + Level 4.6 Spellcasting
 + Level 6.0 Conjurations
 + Level 5.5 Air Magic


You had 7 spell levels left.
You knew the following spells:

 Your Spells              Type           Power        Failure   Level  Hunger
a - Shock                 Conj/Air       ####         1%          1    None
b - Static Discharge      Conj/Air       ####....     3%          3    ###....
c - Airstrike             Air            ####......   13%         4    ####...


Dungeon Overview and Level Annotations

Branches:
Dungeon (5/15)             Temple (1/1) D:4

Altars:
Ashenzari
Elyvilon
Fedhas
Nemelex Xobeh
Okawaru
Qazlal
Ru
Sif Muna
Trog
Vehumet
Xom
Zin
The Shining One

Shops:
D:5 *

Annotations:
D:5 nht's ghost, novice MfVM


Innate Abilities, Weirdness & Mutations

You can breathe waves of freezing cold.
You can buffet flying creatures when you breathe cold.
Your icy white scales are hard. (AC +6)
You cannot fit into any form of body armour.
Your flesh is cold resistant. (rC+)
You are cold-blooded and may be slowed by cold attacks.
You have large cloven feet.
Scrolls take you a little longer to read.
Your mind is acute. (Int +2)
You are weak. (Str -2)


Message History

You now have 0/13 mp.
Aim: nht's ghost (heavily damaged)
You exhale a wave of freezing cold.
The freezing breath hits nht's ghost.
Nht's ghost is blown backwards by the freezing wind.
You feel somewhat less full.
Health restored: 50
There is a stone staircase leading up here.
You swing at nothing.
You hit nht's ghost but do no damage.
Your tail-slap misses nht's ghost.
Nht's ghost hits you but does no damage.
You hit nht's ghost but do no damage.
Your tail-slap misses nht's ghost.
Nht's ghost hits you but does no damage.
You closely miss nht's ghost. Your kick misses nht's ghost.
Nht's ghost hits you but does no damage.
You barely miss nht's ghost. Your kick misses nht's ghost.
You tail-slap nht's ghost. Nht's ghost hits you.
You take 5 damage, and have 45/50 hp.
You hit nht's ghost but do no damage. Your kick misses nht's ghost.
Nht's ghost hits you!
You take 8 damage, and have 37/50 hp.
You hit nht's ghost but do no damage.
Nht's ghost hits you but does no damage.
You hit nht's ghost but do no damage. Nht's ghost hits you!
You take 6 damage, and have 31/50 hp.
You hit nht's ghost but do no damage.
Nht's ghost hits you but does no damage.
You hit nht's ghost but do no damage.
Your tail-slap misses nht's ghost.
Nht's ghost hits you.
You take 2 damage, and have 30/50 hp.
You barely miss nht's ghost. Your kick misses nht's ghost.
Nht's ghost hits you.
You barely miss nht's ghost. Your kick misses nht's ghost.
Nht's ghost barely misses you.
You hit nht's ghost but do no damage. Your kick misses nht's ghost.
Nht's ghost hits you!
You take 7 damage, and have 23/50 hp.
You hit nht's ghost but do no damage.
You tail-slap nht's ghost, but do no damage.
Nht's ghost completely misses you.
You barely miss nht's ghost.
Your tail-slap misses nht's ghost.
Nht's ghost hits you.
You completely miss nht's ghost. Your kick misses nht's ghost.
Your tail-slap misses nht's ghost.
Nht's ghost hits you.
You hit nht's ghost. Your kick misses nht's ghost.
Nht's ghost barely misses you.
Here: nht's ghost (severely damaged)
The floor.
You hit nht's ghost but do no damage.
You have got your breath back.
Nht's ghost hits you but does no damage.
Aim: nht's ghost (severely damaged)
You exhale a wave of freezing cold.
The freezing breath hits nht's ghost.
Nht's ghost is blown backwards by the freezing wind.
You feel somewhat less full.
Aim: nht's ghost (almost destroyed)
The zap hits nht's ghost.
You now have 2/13 mp.
Aim: nht's ghost (almost destroyed)
The zap misses nht's ghost.
Nht's ghost hits you!
* * * LOW HITPOINT WARNING * * *
You take 11 damage, and have 14/50 hp.
MASSIVE DAMAGE!!
Aim: nht's ghost (almost destroyed)
The zap misses nht's ghost.
Nht's ghost completely misses you.
You now have 1/13 mp.
Nht's ghost hits you but does no damage.
You climb upwards.
The ghost fades into the shadows.
Nht's ghost disappears!
There is a stone staircase leading down here.
You start resting.
You have got your breath back.
You regained 5 hp, and now have 21/50 hp.
You climb downwards.
Level annotation: nht's ghost, novice MfVM
There is a stone staircase leading up, spattered with blood here.
You see here a giant club.
Nht's ghost makes a sound of rattling chains.
You hit nht's ghost but do no damage. Nht's ghost hits you.
You take 5 damage, and have 29/50 hp.
Unknown command.
You exhale a wave of freezing cold.
The freezing breath hits nht's ghost.
Nht's ghost is blown backwards by the freezing wind.
You feel somewhat less full.
You see here a giant club.
The zap hits nht's ghost. x2
The zap hits nht's ghost.
Nht's ghost appears unharmed.
The zap hits nht's ghost.
Nht's ghost hits you.
You take 5 damage, and have 27/50 hp.
You now have 4/13 mp.
The zap hits nht's ghost.
Nht's ghost appears unharmed.
The zap misses nht's ghost.
Nht's ghost hits you!
* * * LOW HITPOINT WARNING * * *
You take 12 damage, and have 15/50 hp.
MASSIVE DAMAGE!!
You now have 3/13 mp.
The zap hits nht's ghost. x2; Nht's ghost hits you!
* * * LOW HITPOINT WARNING * * *
You take 13 damage, and have 2/50 hp.
MASSIVE DAMAGE!!
You now have 2/13 mp.
The zap misses nht's ghost.
The zap hits nht's ghost.
Nht's ghost hits you!
You die...

##'#....##.#####....
#.......##+### #....
#.......#....# #....
#.......#....# #....
#............# #....
#....#'#)....# #....
#...##.#.#'### #....
######.#.....#
#.@W..#.....#
#.#####.....#
#.#####.....#
#.....#.....#
#.....##....####
#<....##(......#
#.....##.......#
#.....#####....#
####### #....#


You could see nht's ghost.

Vanquished Creatures
  A phantom (D:5)
  3 ogres (D:5)
  A howler monkey (D:5)
  A crimson imp (D:5)
  3 orc wizards
  A centaur skeleton (D:5)
  A hound (D:5)
  An orc priest (D:3)
  An iguana (D:4)
  2 worker ants (D:4)
  8 adders
  9 gnolls
  A worm (D:2)
  An adder skeleton (D:4)
  A dart slug (D:2)
  5 leopard geckos
  11 orcs
  4 giant cockroaches
  12 goblins
  3 hobgoblins (D:1)
  4 jackals
  5 quokkas
  7 bats
  4 frilled lizards
  11 kobolds
  8 rats
109 creatures vanquished.

Notes
Turn   | Place    | Note
-------+----------+-------------------------------------------
     0 | D:1      | Gorglomux the Draconian Air Elementalist began the quest for the Orb.
     0 | D:1      | Reached XP level 1. HP: 14/14 MP: 3/3
   287 | D:1      | Reached XP level 2. HP: 20/20 MP: 3/5
   655 | D:1      | Reached skill level 2 in Conjurations
  1033 | D:2      | Reached XP level 3. HP: 26/26 MP: 3/6
  1507 | D:2      | Reached XP level 4. HP: 33/33 MP: 3/7
  1516 | D:2      | Reached skill level 3 in Conjurations
  1732 | D:2      | Found a white marble altar of Elyvilon.
  1733 | D:2      | Found a glowing golden altar of the Shining One.
  1736 | D:2      | Found a glowing silver altar of Zin.
  1800 | D:2      | Reached XP level 5. HP: 23/38 MP: 1/9
  1805 | D:2      | Learned a level 3 spell: Static Discharge
  1810 | D:2      | Learned a level 4 spell: Airstrike
  1851 | D:2      | Reached skill level 3 in Spellcasting
  2269 | D:3      | Found a shattered altar of Ashenzari.
  2362 | D:3      | Reached skill level 4 in Air Magic
  2371 | D:3      | Reached skill level 4 in Conjurations
  2769 | D:4      | Reached XP level 6. HP: 35/45 MP: 0/11
  2997 | D:4      | Found a staircase to the Ecumenical Temple.
  3009 | Temple   | Entered the Ecumenical Temple
  3049 | Temple   | HP: 11/45 [gnoll/spear (9)]
  3065 | Temple   | Became a worshipper of Vehumet
  3098 | Temple   | Gained mutation: Scrolls take you a little longer to read. [potion of mutation]
  3098 | Temple   | Gained mutation: Your magical capacity is low. (-10% MP) [potion of mutation]
  3098 | Temple   | Gained mutation: Your tail ends in a poisonous barb. [potion of mutation]
  3099 | Temple   | Lost mutation: Your magical capacity is low. (-10% MP) [potion of mutation]
  3099 | Temple   | Lost mutation: Your tail ends in a poisonous barb. [potion of mutation]
  3099 | Temple   | Gained mutation: You possess an exceptional clarity of mind. [potion of mutation]
  3099 | Temple   | Gained mutation: You are robust. (+10% HP) [potion of mutation]
  3100 | Temple   | Lost mutation: Scrolls take you a little longer to read. [potion of mutation]
  3100 | Temple   | Lost mutation: You possess an exceptional clarity of mind. [potion of mutation]
  3100 | Temple   | Lost mutation: You are robust. (+10% HP) [potion of mutation]
  3100 | Temple   | Gained mutation: Scrolls take you a little longer to read. [potion of mutation]
  3100 | Temple   | Gained mutation: You have large cloven feet. [potion of mutation]
  3100 | Temple   | Gained mutation: You are weak. (Str -2) [potion of mutation]
  3100 | Temple   | Gained mutation: Your mind is acute. (Int +2) [potion of mutation]
  3452 | D:5      | Entered Level 5 of the Dungeon
  3504 | D:5      | Reached skill level 5 in Conjurations
  3564 | D:5      | Your scales start taking on an icy white colour.
  3564 | D:5      | Reached XP level 7. HP: 31/50 MP: 4/12
  3564 | D:5      | Gained mutation: Your flesh is cold resistant. (rC+) [White Draconian growth]
  3646 | D:5      | Reached skill level 4 in Spellcasting
  3777 | D:5      | Found Rymiq's Elemental Accessories.
  3785 | D:5      | Reached skill level 5 in Air Magic
  3890 | D:5      | Reached * piety under Vehumet
  3890 | D:5      | Offered knowledge of Freeze by Vehumet.
  3898 | D:5      | Reached skill level 6 in Conjurations
  3944 | D:5      | Noticed nht's ghost (novice MfVM)
  4067 | D:5      | HP: 2/50 [nht's ghost (13)]
  4068 | D:5      | Mangled by nht's ghost

Vault maps used:
D:1:      lightli_arrival_quake, minmay_statues_item
D:2:      good_gods_temple_1
D:3:      old_standard_altar, first_bread
D:4:      minmay_temple_entry_trees
D:5:      nicolae_elemental_shop
Temple:   zaba_magenta_temple

Skill      XL: |  1  2  3  4  5  6  7 |
---------------+----------------------+-----
Conjurations   | 2 3 4 5 6 |  6.0
Spellcasting   | 3 4 |  4.6
Air Magic      | 4 5 |  5.5
Dodging        | |  1.7
Stealth        | |  1.7

Action                   |  1- 3 |  4- 6 |  7- 9 || total
-------------------------+-------+-------+-------++-------
Melee: Dagger            |    39 |   146 |    56 ||   241
       Tailslap          |     2 |    14 |     7 ||    23
       Kick              |       |    10 |     9 ||    19
 Cast: Shock             |    64 |    79 |    39 ||   182
       Static Discharge  |       |     6 |     4 ||    10
       Airstrike         |       |     1 |     3 ||     4
 Abil: Breathe Frost     |       |       |     8 ||     8
  Use: Scroll            |       |     9 |       ||     9
       Potion            |       |     4 |       ||     4
 Stab: Sleeping          |     2 |     3 |       ||     5
  Eat: Chunk             |     3 |     7 |     2 ||    12
       Bread ration      |       |       |     2 ||     2
Armor: Skin              |    16 |    65 |    29 ||   110
Dodge: Dodged            |    43 |   114 |    29 ||   186

Vault maps used:
D:1:      lightli_arrival_quake, minmay_statues_item
D:2:      good_gods_temple_1
D:3:      old_standard_altar, first_bread
D:4:      minmay_temple_entry_trees
D:5:      nicolae_elemental_shop
Temple:   zaba_magenta_temple

Table legend:
 A = Turns spent in this place as a percentage of turns spent in the entire game.
 B = Non-inter-level travel turns spent in this place as a percentage of non-inter-level travel turns spent in the entire game.
 C = Inter-level travel turns spent in this place as a percentage of turns spent in this place.
 D = Turns resting spent in this place as a percentage of non-inter-level travel turns spent in this place.
 E = Turns spent auto-exploring this place as a percentage of non-inter-level travel turns spent in this place.
 F = Non-inter-level travel turns spent in this place divided by the number of levels of this place that you've seen.
                   A       B       C       D       E      F
               +-------+-------+-------+-------+-------+----------------------
         Total | 100.0 | 100.0 |   0.4 |   5.9 |   8.7 | 224.2
       Dungeon |  92.3 |  92.3 |   0.3 |   6.2 |   9.4 | 248.4
        Temple |   7.7 |   7.7 |   1.0 |   2.9 |   0.0 | 103.0
               +-------+-------+-------+-------+-------+----------------------

Table legend:
 A = Kills in this place as a percentage of kills in entire the game.
 B = Kills by you in this place as a percentage of kills by you in the entire game.
 C = Kills by friends in this place as a percentage of kills by friends in the entire game.
 D = Other kills in this place as a percentage of other kills in the entire game.
 E = Experience gained in this place as a percentage of experience gained in the entire game.
 F = Experience gained in this place divided by the number of levels of this place that you have seen.
                   A       B       C       D       E      F
               +-------+-------+-------+-------+-------+----------------------
         Total | 100.0 | 100.0 |  -nan |  -nan | 100.0 | 217.5
       Dungeon |  98.2 |  98.2 |  -nan |  -nan |  97.9 | 255.4
        Temple |   1.8 |   1.8 |  -nan |  -nan |   2.1 |  28.0
               +-------+-------+-------+-------+-------+----------------------
